 Dungeon Crawl Stone Soup version 0.31-a0-455-g1a7b003ef0 (webtiles) character file.

Game seed: 3575577441048625083

150 Ofeo the Changeling (level 5, 41/41 HPs)
             Began as a Demonspawn Shapeshifter on Aug 3, 2023.
             Quit the game on level 2 of the Dungeon.
             The game lasted 00:02:18 (1462 turns).

Ofeo the Changeling (Demonspawn Shapeshifter)       Turns: 1462, Time: 00:02:19

Health: 41/41      AC:  5    Str: 17    XL:     5   Next: 10%
Magic:  5/5        EV: 13    Int:  9    God:
Gold:   144        SH:  4    Dex: 14    Spells: 4/4 levels left

rFire   . . .        e - +1 short sword (venom)
rCold   . . .        (no shield)
rNeg    . . .        a - +0 animal skin
rPois   .            (helmet currently unavailable)
rElec   .            (cloak currently unavailable)
rCorr   .            (gloves currently unavailable)
SInv    .            (boots currently unavailable)
Will    .....        (no amulet)
Stlth   +            (no ring)
HPRegen 0.26/turn    (no ring)
MPRegen 0.09/turn

%: no passive effects
@: beast-form
A: beast (slay +2), yellow scales 2, condensation shield, demonic magic 1,
subdued magic 1
a: Begin Untransformation


You were on level 2 of the Dungeon.
You were a hulking beast.
You visited 1 branch of the dungeon, and saw 2 of its levels.

You collected 144 gold pieces.

Inventory:

Hand Weapons
 e - a +1 short sword of venom (weapon)
Armour
 a - a +0 animal skin (worn)
Talismans
 c - a beast talisman (active)
Scrolls
 d - a scroll of noise {unknown}
Potions
 b - a potion of resistance {@q6}


   Skills:
 + Level 3.0 Fighting
 + Level 3.0 Dodging
 - Level 2.7 Unarmed Combat
 + Level 3.4 Shapeshifting


You had 4 spell levels left.
You didn't know any spells.
Your spell library contained the following spells:

 Spells                   Type           Power      Damage    Failure   Level
 Slow                     Hex            0%         N/A       34%         1
 Confusing Touch          Hex            0%         N/A       73%         3
 Vampiric Draining        Necr           0%         2d6       73%         3


Dungeon Overview and Level Annotations

Branches:
Dungeon (2/15)

Altars:

Shops:
D:2 =


Innate Abilities, Weirdness & Mutations

You are a hulking beast.
Your limbs bulge with bestial killing power. (Slay +2)
You are mostly covered in yellow scales. (AC +3)
A meltable shield of frost defends you. (SH +4)
Spells you cast may paralyse adjacent enemies.
Your spells are a little easier to cast, but a little less powerful.


Message History

You see here a hobgoblin corpse.
You see here a +0 short sword.
You feel a little less clever now.
Health restored: 34 A gnoll is nearby!
A gnoll is nearby!
A gnoll is nearby!
The gnoll shouts! x2; You hear a shout!
You see here a +0 short sword.
You see here a hobgoblin corpse.
You see here a bat corpse.
You hit the gnoll.
The gnoll is poisoned.
The gnoll is moderately wounded.
The gnoll hits you but does no damage.
You hit the gnoll.
The gnoll looks as sick as possible!
The gnoll is almost dead.
The gnoll hits you but does no damage.
You closely miss the gnoll.
The gnoll is almost dead.
You kill the gnoll!
Your Fighting skill increases to level 3!
You have reached level 5!
Your demonic ancestry asserts itself...
A menacing aura infuses your magic.
Health restored: 41; MP restored: 5 You closely miss the gnoll.
The gnoll misses you.
You hit the gnoll.
The gnoll is poisoned.
The gnoll is moderately wounded.
You block the gnoll's attack.
You hit the gnoll but do no damage.
The gnoll is moderately wounded.
The gnoll barely misses you.
You hit the gnoll.
The gnoll looks as sick as possible!
The gnoll is heavily wounded.
The gnoll misses you.
You hit the gnoll.
You kill the gnoll!
No target in view!
No target in view!
Are you sure you want to abandon this character and quit the game? (Confirm with "yes".)

≈≈#≈#.....###### #....
≈≈≈≈≈#.....######### #<...
#≈≈#≈≈#≈##............#######....
#≈≈≈≈≈≈≈≈#....##### #............
#≈≈#≈≈≈#≈~....# ####....#....
##≈≈≈≈≈≈##....# ####.####....
.~≈≈≈#≈≈#....## #....# #####
.###≈≈##~....########.####
...##≈~....#.)†)h...#)#
.....g.....########..)#####
##....##...# ##.......#
####.##..########.........#
#.##.÷....##............#
#.###.###.##.#..........#
#.###.###....#..........#
####.##..##⌠.⌠.##..........#
........###.∩...#†.........#


There were no monsters in sight!

Vanquished Creatures
  Jessica (D:2)
  3 gnolls
  4 adders (D:2)
  A worm (D:2)
  A dart slug (D:1)
  6 bats
  2 endoplasms
  2 giant cockroaches (D:1)
  3 goblins
  8 hobgoblins
  3 jackals (D:1)
  8 kobolds
  2 quokkas (D:1)
  2 ball pythons (D:2)
  3 frilled lizards
  4 rats
53 creatures vanquished.

Notes
Turn   | Place    | Note
-------+----------+-------------------------------------------
     0 | D:1      | Ofeo the Demonspawn Shapeshifter began the quest for the
                  | Orb.
     0 | D:1      | Reached XP level 1. HP: 15/15 MP: 1/1
   172 | D:1      | Gained mutation: You are partially covered in yellow
                  | scales. (AC +2) [demonic ancestry]
   172 | D:1      | Reached XP level 2. HP: 17/21 MP: 2/2
   356 | D:1      | Gained mutation: A meltable shield of frost defends you.
                  | (SH +4) [demonic ancestry]
   356 | D:1      | Reached XP level 3. HP: 21/27 MP: 3/3
  1087 | D:2      | Found Olaoqao's Jewellery Boutique.
  1166 | D:2      | Noticed Jessica
  1173 | D:2      | Killed Jessica
  1174 | D:2      | Gained mutation: You are mostly covered in yellow scales.
                  | (AC +3) [demonic ancestry]
  1174 | D:2      | Reached XP level 4. HP: 34/34 MP: 4/4
  1362 | D:2      | Gained mutation: Your spells are a little easier to cast,
                  | but a little less powerful. [potion of mutation]
  1457 | D:2      | Gained mutation: Spells you cast may paralyse adjacent
                  | enemies. [demonic ancestry]
  1457 | D:2      | Reached XP level 5. HP: 41/41 MP: 5/5
  1462 | D:2      | Quit the game

Illustrated notes

Levels and vault maps discovered:
D:1:      erik_arrival_blinker_ship, layout_basic
D:2:      layout_rooms, serial_shops, shop_fountains, minivault_4, uniq_jessica

Skill      XL: |  1  2  3  4 |
---------------+-------------+-----
Dodging        | 2 3 |  3.0
Shapeshifting  | 3 |  3.4
Fighting       | 2 3 |  3.0
Unarmed Combat | |  2.7

Action                     |  1- 3 |  4- 6 || total
---------------------------+-------+-------++-------
  Melee: Unarmed           |   126 |    44 ||   170
         Punch             |     2 |       ||     2
         Short sword       |       |     8 ||     8
    Use: Potion            |     1 |     2 ||     3
         Scroll            |       |     3 ||     3
   Stab: Sleeping          |     1 |     1 ||     2
 Armour: Animal skin       |    43 |    20 ||    63
         Skin              |    13 |       ||    13
  Dodge: Dodged            |    91 |    37 ||   128
  Block: Other             |    11 |     6 ||    17

Table legend: (Time is in decaauts)
 A = Elapsed time spent in this place.
 B = Non-inter-level travel time spent in this place.
 C = Inter-level travel time spent in this place.
 D = Time resting spent in this place.
 E = Time spent auto-exploring this place.
 F = Levels seen in this place.
 G = Mean time per level.
                   A        B        C        D        E       F      G
               +--------+--------+--------+--------+--------+-----+--------+
         Total |   1452 |   1438 |     14 |     87 |    957 |   2 |  726.0 |
       Dungeon |   1452 |   1438 |     14 |     87 |    957 |   2 |  726.0 |
               +--------+--------+--------+--------+--------+-----+--------+

Top non-repeatable levels by time:
     D:1: 1048 daAuts
     D:2: 404 daAuts
